 Dungeon Crawl Stone Soup version 0.27.0-66-gdc8fb28755 (webtiles) character file.

Game seed: 11920010932960031529

163 Kinoniko the Skirmisher (level 5, -9/47 HPs)
             Began as a Gnoll Abyssal Knight on Aug 20, 2021.
             Was a Believer of Lugonu.
             Mangled by an ogre (12 damage)
             ... on level 4 of the Dungeon.
             The game lasted 00:02:33 (2891 turns).

Kinoniko the Skirmisher (Gnoll Abyssal Knight)      Turns: 2891, Time: 00:02:33

Health: -9/47      AC:  8    Str: 12    XL:     5   Next: 44%
Magic:  7/8        EV: 12    Int: 12    God:    Lugonu [**....]
Gold:   92         SH:  0    Dex: 11    Spells: 7/7 levels left

rFire    . . .     SeeInvis .   i - +2 war axe (freeze)
rCold    . . .     Faith    .   (no shield)
rNeg     . . .     Spirit   .   b - +0 leather armour
rPois    .         Reflect  .   j - +2 helmet
rElec    .         Harm     .   (no cloak)
rCorr    .         Rampage  .   p - +0 pair of gloves
Will     .....                  (no boots)
Stlth    +.........             (no amulet)
HPRegen  0.15/turn              (no ring)
MPRegen  0.11/turn              (no ring)

@: no status effects
A: fangs 1, strong nose, distributed training
a: Renounce Religion, Depart the Abyss, Bend Space


You were on level 4 of the Dungeon.
You worshipped Lugonu.
Lugonu was pleased with you.
You visited 1 branch of the dungeon, and saw 4 of its levels.
You visited the Abyss 1 time.

You collected 92 gold pieces.

Inventory:

Hand Weapons
 a - a +1 falchion
 i - a +2 war axe of freezing (weapon)
Armour
 b - a +0 leather armour (worn)
 f - a scarf of harm
 j - a +2 helmet (worn)
 p - a +0 pair of gloves (worn)
Jewellery
 h - a ring of magical power
Wands
 o - a wand of digging (8)
Scrolls
 d - a scroll of magic mapping {unknown}
 e - a scroll of amnesia {unknown}
 k - a scroll of silence {unknown}
 l - 3 scrolls of identify {unknown}
 q - 3 scrolls of fog {unknown}
Potions
 c - a potion of curing {unknown}
 g - a potion of might {unknown}
 m - a potion of resistance {unknown}
 n - a potion of lignification {unknown}


   Skills:
 + Level 6.7 Fighting
 + Level 1.5 Short Blades
 + Level 4.8 Long Blades
 + Level 1.5 Axes
 + Level 1.5 Maces & Flails
 + Level 1.5 Polearms
 + Level 1.5 Staves
 + Level 1.5 Slings
 + Level 1.5 Bows
 + Level 1.5 Crossbows
 + Level 1.5 Throwing
 + Level 4.8 Armour
 + Level 3.0 Dodging
 + Level 1.5 Stealth
 + Level 1.5 Shields
 + Level 1.5 Unarmed Combat
 + Level 1.5 Spellcasting
 + Level 1.2 Conjurations
 + Level 1.2 Hexes
 + Level 1.2 Summonings
 + Level 1.2 Necromancy
 + Level 1.2 Translocations
 + Level 1.2 Transmutations
 + Level 1.2 Fire Magic
 + Level 1.2 Ice Magic
 + Level 1.2 Air Magic
 + Level 1.2 Earth Magic
 + Level 1.2 Poison Magic
 + Level 4.9 Invocations
 + Level 1.5 Evocations


You had 7 spell levels left.
You didn't know any spells.
Your spell library contained the following spells:

 Spells                   Type           Power      Damage    Failure   Level
 Dazzling Flash           Conj/Hex       6%         N/A       54%         3
 Fulminant Prism          Conj/Hex       1%         3d6       91%         4
 Iskenderun's Mystic Bla  Conj/Tloc      3%         2d3       91%         4
 Agony                    Necr           3%         N/A       99%         5
 Lee's Rapid Deconstruct  Erth           1%         3d5*      99%         5
 Silence                  Hex/Air        1%         N/A       99%         5


Dungeon Overview and Level Annotations

Branches:
Dungeon (4/15)
 Temple: D:4-7

Altars:


Innate Abilities, Weirdness & Mutations

You have very sharp teeth.
Your uncanny sense of smell can sniff out nearby items.
Your experience applies equally to all skills.


Message History

The endoplasm barely misses you.
You barely miss the endoplasm. Your bite misses the endoplasm.
The endoplasm freezes you.
You are frozen.
The endoplasm hits you but does no damage.
You hit the endoplasm. You freeze the endoplasm.
The endoplasm is heavily wounded.
The endoplasm completely misses you.
You hit the endoplasm. You freeze the endoplasm.
You kill the endoplasm!
Lugonu accepts your kill.
No target in view!
No target in view!
No target in view!
No target in view!
No target in view!
No target in view!
No target in view!
An ogre comes into view. It is wielding a +0 giant club.
An ogre is nearby!
The ogre shouts!
The ogre hits you with a +0 giant club!
You hit the ogre. You freeze the ogre.
The ogre is lightly wounded.
The ogre hits you with a +0 giant club!!
Ouch! That really hurt!
* * * LOW HITPOINT WARNING * * *
You are too injured to fight recklessly!
You are too injured to fight recklessly!
You are too injured to fight recklessly!
Unknown command.
Space bends around you!
You blink.
Unknown command.
You slash the ogre! You freeze the ogre.
The ogre is heavily wounded.
The ogre closely misses you.
You hit the ogre. You freeze the ogre.
The ogre is almost dead.
The ogre hits you with a +0 giant club!
You die...

.#####.##.#..###....
#####.##.#.........
...........#.......
##................#
#####...###.#...#######
........##..##....###
##.#.....####.#...###
###...O.......#.###....
#.....@.......#.# #####
#.............#.# #
#.............#.#
#.............#.#
...............#..
##..########...##. #.#
... .. ##


You could see an ogre.

Vanquished Creatures
  A hound (D:4)
  An orc wizard (D:4)
  2 adders
  2 worms
  2 dart slugs
  6 orcs
  7 ball pythons
  5 endoplasms
  A giant cockroach (D:1)
  10 goblins
  2 hobgoblins (D:3)
  9 jackals
  3 quokkas
  3 bats
  4 frilled lizards (D:1)
  6 kobolds
  9 rats
73 creatures vanquished.

Notes
Turn   | Place    | Note
-------+----------+-------------------------------------------
     0 | Abyss:1  | Kinoniko the Gnoll Abyssal Knight began the quest for the
                  | Orb.
     0 | Abyss:1  | Reached XP level 1. HP: 23/23 MP: 3/3
     0 | D:1      | Escaped the Abyss
   130 | D:1      | Reached * piety under Lugonu
   148 | D:1      | Reached XP level 2. HP: 29/29 MP: 5/5
   277 | D:1      | Found a faded altar of an unknown god.
   674 | D:1      | Reached XP level 3. HP: 30/35 MP: 6/6
  1448 | D:2      | Reached ** piety under Lugonu
  1602 | D:2      | Reached skill level 1 in Short Blades
  1602 | D:2      | Reached skill level 1 in Axes
  1602 | D:2      | Reached skill level 1 in Maces & Flails
  1602 | D:2      | Reached skill level 1 in Polearms
  1602 | D:2      | Reached skill level 1 in Staves
  1602 | D:2      | Reached skill level 1 in Slings
  1602 | D:2      | Reached skill level 1 in Bows
  1602 | D:2      | Reached skill level 1 in Crossbows
  1602 | D:2      | Reached skill level 1 in Throwing
  1602 | D:2      | Reached skill level 1 in Stealth
  1602 | D:2      | Reached skill level 1 in Shields
  1602 | D:2      | Reached skill level 1 in Unarmed Combat
  1602 | D:2      | Reached skill level 1 in Spellcasting
  1602 | D:2      | Reached skill level 1 in Evocations
  1801 | D:2      | Reached XP level 4. HP: 41/41 MP: 7/7
  2497 | D:3      | Reached skill level 1 in Conjurations
  2497 | D:3      | Reached skill level 1 in Hexes
  2497 | D:3      | Reached skill level 1 in Summonings
  2497 | D:3      | Reached skill level 1 in Necromancy
  2497 | D:3      | Reached skill level 1 in Translocations
  2497 | D:3      | Reached skill level 1 in Transmutations
  2497 | D:3      | Reached skill level 1 in Fire Magic
  2497 | D:3      | Reached skill level 1 in Ice Magic
  2497 | D:3      | Reached skill level 1 in Air Magic
  2497 | D:3      | Reached skill level 1 in Earth Magic
  2497 | D:3      | Reached skill level 1 in Poison Magic
  2655 | D:4      | Reached XP level 5. HP: 33/47 MP: 8/8
  2884 | D:4      | Noticed an ogre
  2891 | D:4      | Mangled by an ogre

Illustrated notes

Levels and vault maps discovered:
D:1:      amcnicky_arrival_underground_garden, layout_basic,
          hellmonk_ecumenical_altar_leap_of_faith, minmay_box_of_dots
D:2:      layout_basic, minmay_misc_feat_more_columns
D:3:      layout_loops_cross, minmay_circle_x
D:4:      layout_rooms, kennysheep_boxes

Skill      XL: |  1  2  3  4  5 |
---------------+----------------+-----
Short Blades   | 1 |  1.5
Axes           | 1 |  1.5
Maces & Flails | 1 |  1.5
Polearms       | 1 |  1.5
Staves         | 1 |  1.5
Slings         | 1 |  1.5
Bows           | 1 |  1.5
Crossbows      | 1 |  1.5
Throwing       | 1 |  1.5
Stealth        | 1 |  1.5
Shields        | 1 |  1.5
Unarmed Combat | 1 |  1.5
Spellcasting   | 1 |  1.5
Evocations     | 1 |  1.5
Conjurations   | 1 |  1.2
Hexes          | 1 |  1.2
Summonings     | 1 |  1.2
Necromancy     | 1 |  1.2
Translocations | 1 |  1.2
Transmutations | 1 |  1.2
Fire Magic     | 1 |  1.2
Ice Magic      | 1 |  1.2
Air Magic      | 1 |  1.2
Earth Magic    | 1 |  1.2
Poison Magic   | 1 |  1.2
Dodging        | 3 |  3.0
Fighting       | |  6.7
Long Blades    | |  4.8
Armour         | |  4.8
Invocations    | |  4.9

Action                   |  1- 3 |  4- 6 || total
-------------------------+-------+-------++-------
Melee: Falchion          |    93 |       ||    93
       Bite              |     5 |     5 ||    10
       War axe           |    17 |    61 ||    78
Invok: Depart the Abyss  |     1 |       ||     1
       Bend Space        |       |     1 ||     1
 Stab: Sleeping          |       |     1 ||     1
Armor: Leather armour    |    35 |    29 ||    64
Dodge: Dodged            |    69 |    46 ||   115
       Rpst.: Falchion   |    23 |       ||    23
